 Dungeon Crawl Stone Soup version 0.26-a0-660-gc07710193c (webtiles) character file.

Game seed: 10231467640062472263

2771 MrRokkomies the Martial Artist (level 9, -13/74 HPs)
             Began as a Gnoll Wanderer on Oct 6, 2020.
             Was a Believer of Okawaru.
             Killed from afar by a fire dragon (52 damage)
             ... with a blast of flame
             ... on level 8 of the Dungeon.
             The game lasted 00:13:28 (7854 turns).

MrRokkomies the Martial Artist (Gnoll Wanderer)     Turns: 7854, Time: 00:13:30

Health: -13/74     AC: 12    Str: 16    XL:     9   Next: 69%
Magic:  5/15       EV: 14    Int: 15    God:    Okawaru [**....]
Gold:   403        SH:  0    Dex: 16    Spells: 8/17 levels left

rFire    . . .     SeeInvis .   M - +5 spear (freeze)
rCold    . . .     Faith    .   (no shield)
rNeg     . . .     Spirit   .   F - +0 ring mail
rPois    .         Reflect  .   m - +1 helmet
rElec    .         Harm     .   O - +0 cloak
rCorr    +         Rampage  +   (no gloves)
MR       +....                  B - +2 pair of boots {rampage}
Stlth    ++........             (no amulet)
HPRegen  0.22/turn              f - ring of protection from magic
MPRegen  0.14/turn              r - ring of resist corrosion

@: very slightly contaminated
A: distributed training, fangs 1, strong nose
a: Heroism, Renounce Religion


You were on level 8 of the Dungeon.
You worshipped Okawaru.
Okawaru was pleased with you.
You visited 2 branches of the dungeon, and saw 9 of its levels.
You also visited: Sewer.

You collected 403 gold pieces.

Inventory:

Hand Weapons
 b - a +3 arbalest of flaming
 M - a +5 spear of freezing (weapon)
 N - a +1 hunting sling of flaming
Missiles
 g - 52 arrows
 h - 220 stones
 n - 50 sling bullets
 y - 70 bolts
 z - 62 poisoned darts (quivered)
 A - 7 javelins
Armour
 e - a +0 robe
 m - a +1 helmet (worn)
 B - a +2 pair of boots of rampaging (worn)
 F - a +0 ring mail (worn)
 K - a +0 robe of fire resistance
 O - a +0 cloak (worn)
Jewellery
 f - a ring of protection from magic (left hand)
 r - a ring of resist corrosion (right hand)
 H - an uncursed ring of positive energy
Wands
 p - a wand of flame (25)
 x - a wand of paralysis (20)
 L - a wand of iceblast (7)
Scrolls
 o - 12 scrolls of identify
 q - 8 scrolls of magic mapping
 s - 2 scrolls of teleportation
 t - 5 scrolls of remove curse
 E - 2 scrolls of immolation
 I - a scroll of enchant armour
 J - a scroll of fog
Potions
 a - a potion of resistance
 c - a potion of berserk rage
 d - a potion of lignification
 i - 3 potions of mutation {unknown}
 j - a potion of ambrosia {unknown}
 k - 2 potions of invisibility {unknown}
 l - a potion of haste {unknown}
 u - 4 potions of flight {unknown}
 v - a potion of brilliance {unknown}
 w - a potion of degeneration {unknown}
 C - 2 potions of heal wounds
 D - 10 potions of curing {unknown}
 G - 2 potions of stabbing {unknown}


   Skills:
 + Level 8.0 Fighting
 + Level 4.5 Short Blades
 + Level 4.5 Long Blades
 + Level 4.5 Axes
 + Level 4.5 Maces & Flails
 + Level 4.5 Polearms
 + Level 4.5 Staves
 + Level 4.5 Slings
 + Level 4.5 Bows
 + Level 4.5 Crossbows
 + Level 4.5 Throwing
 + Level 4.5 Armour
 + Level 5.2 Dodging
 + Level 4.5 Stealth
 + Level 5.2 Shields
 + Level 9.6 Unarmed Combat
 + Level 4.5 Spellcasting
 + Level 3.7 Conjurations
 + Level 3.7 Hexes
 + Level 3.7 Summonings
 + Level 3.7 Necromancy
 + Level 3.7 Translocations
 + Level 3.7 Transmutations
 + Level 3.7 Fire Magic
 + Level 3.7 Ice Magic
 + Level 3.7 Air Magic
 + Level 3.7 Earth Magic
 + Level 3.7 Poison Magic
 + Level 5.0 Invocations
 + Level 5.2 Evocations


You had 8 spell levels left.
You knew the following spells:

 Your Spells              Type           Power        Failure   Level
a - Call Imp              Summ           ##......     10%         2
b - Call Canine Familiar  Summ           ##......     21%         3
c - Summon Ice Beast      Ice/Summ       ##......     54%         4

Your spell library contained the following spells:

 Spells                   Type           Power        Failure   Level
 Animate Skeleton         Necr           ##....       7%          1
 Pain                     Necr           ##..         7%          1
 Summon Small Mammal      Summ           ##..         7%          1
 Summon Guardian Golem    Hex/Summ       ##......     21%         3
 Vampiric Draining        Necr           ##........   21%         3
 Animate Dead             Necr           ##........   54%         4
 Summon Lightning Spire   Summ/Air       ##......     54%         4
 Agony                    Necr           ##......     88%         5


Dungeon Overview and Level Annotations

Branches:
Dungeon (8/15)             Temple (1/1) D:5            Lair (0/6) D:8
  Sewer (visited)

Altars:
Cheibriados
Dithmenos
Elyvilon
Fedhas
Gozag
Hepliaklqana
Kikubaaqudgha
Makhleb
Nemelex Xobeh
Okawaru
Qazlal
Ru
Sif Muna
Trog
Uskayaw
Vehumet
Wu Jian
Xom
Yredelemnul
The Shining One


Innate Abilities, Weirdness & Mutations

Your experience applies equally to all skills.
You have very sharp teeth.
Your uncanny sense of smell can sniff out nearby items.


Message History

Your crimson imp hits the fire dragon but does no damage.
The leopard gecko closely misses your crimson imp.
The fire dragon bites you but does no damage.
The fire dragon closely misses you. The fire dragon tramples you.
You stumble backwards!
Your crimson imp blinks!
Your hound barely misses the fire dragon.
Unknown command.
Your +3 arbalest of flaming stops flaming.
Your +5 spear of freezing glows with a cold blue light!
M - a +5 spear of freezing (weapon)
Your crimson imp hits the fire dragon.
You hit the fire dragon. You freeze the fire dragon.
The fire dragon is heavily wounded.
Your hound bites the fire dragon but does no damage.
Your crimson imp blinks!
The fire dragon breathes flames at you. The blast of flame hits you!!!
Ouch! That really hurt!
You die...

..# #.##∆
############..#
#..........#..#
#..........#..#######
#....................
#..........##..#####
#######'######†.#
#....@†..# #..##
#...§D5..# ##..#
#...hl5§.# #..##
###........# #...#
#..........######.#.####
#.#........#............
#......§§§.#.#####......
#......≈5§.(. #...##.
#...≈≈§≈§§.### #...##.


You could see a fire dragon (catching breath), a leopard gecko, a friendly hound
(summoned), 2 friendly crimson imps and a friendly white imp (summoned).

Vanquished Creatures
  Duvessa (D:5)
  2 ice beasts
  A necrophage (D:5)
  2 ogres
  2 centaurs (D:6)
  2 big kobolds (Sewer)
  3 bullfrogs
  Dowan (D:5)
  A wyvern skeleton (D:7)
  A scorpion (D:5)
  14 wights
  A howler monkey (D:5)
  2 bullfrog zombies
  5 orc wizards
  A bullfrog skeleton (D:7)
  4 hounds
  4 orc priests
  A gnoll shaman (D:3)
  Jessica (D:3)
  A hound zombie (D:7)
  A hound skeleton (D:4)
  A worker ant zombie (D:7)
  4 gnolls
  13 adders
  4 river rats (D:4)
  3 shadow imps
  3 oozes
  An adder zombie (D:3)
  3 adder skeletons
  5 worms
  2 dart slugs
  6 leopard geckos
  21 orcs
  3 ball pythons
  7 giant cockroaches
  10 hobgoblins
  17 jackals
  20 kobolds
  2 quokkas
  10 bats
  5 frilled lizards
  A giant cockroach zombie (D:6)
  4 goblins
  16 rats
212 creatures vanquished.

Notes
Turn   | Place    | Note
-------+----------+-------------------------------------------
     0 | D:1      | MrRokkomies the Gnoll Wanderer began the quest for the Orb.
     0 | D:1      | MrRokkomies set off with the following items: a +0 short
                  | sword, a potion of heal wounds, a potion of berserk rage, a
                  | potion of lignification, a +0 robe
     0 | D:1      | Reached XP level 1. HP: 23/23 MP: 1/1
    81 | D:1      | You fall into a shaft and drop 1 floor!
   106 | D:2      | Reached XP level 2. HP: 22/29 MP: 2/2
   500 | D:2      | Reached XP level 3. HP: 35/35 MP: 2/4
   554 | D:1      | Reached skill level 1 in Invocations
   743 | D:1      | Reached skill level 1 in Short Blades
   743 | D:1      | Reached skill level 1 in Long Blades
   743 | D:1      | Reached skill level 1 in Axes
   743 | D:1      | Reached skill level 1 in Maces & Flails
   743 | D:1      | Reached skill level 1 in Polearms
   743 | D:1      | Reached skill level 1 in Staves
   743 | D:1      | Reached skill level 1 in Slings
   743 | D:1      | Reached skill level 1 in Bows
   743 | D:1      | Reached skill level 1 in Crossbows
   743 | D:1      | Reached skill level 1 in Throwing
   743 | D:1      | Reached skill level 1 in Armour
   743 | D:1      | Reached skill level 1 in Stealth
   743 | D:1      | Reached skill level 1 in Spellcasting
   788 | D:1      | Reached XP level 4. HP: 41/41 MP: 5/5
  2252 | D:3      | Noticed Jessica
  2259 | D:3      | Killed Jessica
  2259 | D:3      | Reached skill level 1 in Conjurations
  2259 | D:3      | Reached skill level 1 in Hexes
  2259 | D:3      | Reached skill level 1 in Summonings
  2259 | D:3      | Reached skill level 1 in Necromancy
  2259 | D:3      | Reached skill level 1 in Translocations
  2259 | D:3      | Reached skill level 1 in Transmutations
  2259 | D:3      | Reached skill level 1 in Fire Magic
  2259 | D:3      | Reached skill level 1 in Ice Magic
  2259 | D:3      | Reached skill level 1 in Air Magic
  2259 | D:3      | Reached skill level 1 in Earth Magic
  2259 | D:3      | Reached skill level 1 in Poison Magic
  2267 | D:3      | Reached XP level 5. HP: 36/47 MP: 5/7
  2531 | D:3      | Reached XP level 6. HP: 51/53 MP: 8/8
  3225 | D:3      | Found a white marble altar of Elyvilon.
  3248 | D:3      | Found a blossoming altar of Fedhas.
  3579 | D:4      | Found a glowing drain.
  3619 | Sewer    | Entered a sewer
  3964 | Sewer    | Reached XP level 7. HP: 37/60 MP: 10/10
  4955 | D:5      | Entered Level 5 of the Dungeon
  5007 | D:5      | Reached skill level 9 in Unarmed Combat
  5044 | D:5      | Noticed Duvessa
  5069 | D:5      | Killed Duvessa
  5069 | D:5      | Noticed Dowan
  5087 | D:5      | Killed Dowan
  5087 | D:5      | Reached XP level 8. HP: 21/67 MP: 12/12
  5370 | D:5      | Learned a level 2 spell: Call Imp
  5374 | D:5      | Learned a level 3 spell: Call Canine Familiar
  5379 | D:5      | Learned a level 4 spell: Summon Ice Beast
  5471 | D:5      | Found a staircase to the Ecumenical Temple.
  5570 | Temple   | Entered the Ecumenical Temple
  5612 | Temple   | Became a worshipper of Warmaster Okawaru
  6557 | D:6      | Reached XP level 9. HP: 62/72 MP: 14/14
  6569 | D:6      | Reached * piety under Okawaru
  7207 | D:7      | Reached skill level 5 in Dodging
  7207 | D:7      | Reached skill level 5 in Shields
  7207 | D:7      | Reached skill level 5 in Evocations
  7521 | D:7      | Reached ** piety under Okawaru
  7684 | D:7      | Found a bloodstained altar of Trog.
  7828 | D:8      | Reached skill level 5 in Invocations
  7835 | D:8      | Found a staircase to the Lair.
  7840 | D:8      | Noticed a fire dragon
  7854 | D:8      | Killed from afar by a fire dragon

Illustrated notes

Levels and vault maps discovered:
D:1:      dpeg_arrival_court, layout_rooms, corexii_hall_statues_l,
          minmay_distorted
D:2:      layout_rooms, serial_co_window_serial, co_window_of_opportunity_a,
          co_window_corner_a, co_window_corner_a, co_window_of_opportunity_a,
          co_window_paths_b, co_window_2corner, co_window_paths_c,
          co_window_corner_cb, co_window_broadway_c, co_window_paths_c,
          co_window_unsneaky_path_d, co_window_4corner_b, co_window_paths_d,
          glass_columns_b
D:3:      layout_basic, lemuel_crystal_altar, nrook_mini_vaults, fedhas_altar_2,
          uniq_jessica
D:4:      layout_cave_pools, lightli_sewer_entry_pipes
D:5:      layout_basic, minmay_temple_entry_mini_moons, uniq_duvessa
D:6:      minmay_octagon_keep, layout_basic
D:7:      layout_rooms, bloody_trog
D:8:      layout_basic, minmay_lair_entry_lava, okawaru_humans, uniq_erica
Temple:   grunt_wide_crystal_templ

Skill      XL: |  1  2  3  4  5  6  7  8  9 |
---------------+----------------------------+-----
Invocations    | 1 2 3 4 5 |  5.0
Short Blades   | 1 2 3 4 |  4.5
Long Blades    | 1 2 3 4 |  4.5
Axes           | 1 2 3 4 |  4.5
Maces & Flails | 1 2 3 4 |  4.5
Polearms       | 1 2 3 4 |  4.5
Staves         | 1 2 3 4 |  4.5
Slings         | 1 2 3 4 |  4.5
Bows           | 1 2 3 4 |  4.5
Crossbows      | 1 2 3 4 |  4.5
Throwing       | 1 2 3 4 |  4.5
Armour         | 1 2 3 4 |  4.5
Stealth        | 1 2 3 4 |  4.5
Spellcasting   | 1 2 3 4 |  4.5
Conjurations   | 1 2 3 |  3.7
Hexes          | 1 2 3 |  3.7
Summonings     | 1 2 3 |  3.7
Necromancy     | 1 2 3 |  3.7
Translocations | 1 2 3 |  3.7
Transmutations | 1 2 3 |  3.7
Fire Magic     | 1 2 3 |  3.7
Ice Magic      | 1 2 3 |  3.7
Air Magic      | 1 2 3 |  3.7
Earth Magic    | 1 2 3 |  3.7
Poison Magic   | 1 2 3 |  3.7
Dodging        | 3 4 5 |  5.2
Shields        | 3 4 5 |  5.2
Evocations     | 3 4 5 |  5.2
Fighting       | 7 8 |  8.0
Unarmed Combat | 9 |  9.6

Action                   |  1- 3 |  4- 6 |  7- 9 || total
-------------------------+-------+-------+-------++-------
Melee: Unarmed           |    72 |    54 |    64 ||   190
       Punch             |     1 |       |     2 ||     3
       Bite              |     6 |     4 |     4 ||    14
       Spear             |       |       |     1 ||     1
 Fire: Hunting sling     |       |   174 |   288 ||   462
       Arbalest          |       |       |    59 ||    59
Throw: Dart              |       |       |    12 ||    12
 Cast: Call Imp          |       |       |     3 ||     3
       Call Canine Famil |       |       |     1 ||     1
  Use: Scroll            |       |     2 |     8 ||    10
       Potion            |       |     1 |     2 ||     3
 Stab: Sleeping          |     1 |     1 |     1 ||     3
Armor: Robe              |    10 |    29 |    13 ||    52
       Ring mail         |       |       |    65 ||    65
Dodge: Dodged            |    45 |   113 |   148 ||   306

Table legend: (Time is in decaauts)
 A = Elapsed time spent in this place.
 B = Non-inter-level travel time spent in this place.
 C = Inter-level travel time spent in this place.
 D = Time resting spent in this place.
 E = Time spent auto-exploring this place.
 F = Levels seen in this place.
 G = Mean time per level.
                   A        B        C        D        E       F      G
               +--------+--------+--------+--------+--------+-----+--------+
         Total |   7951 |   7630 |    321 |    263 |   5846 |  10 |  795.1 |
       Dungeon |   7086 |   6773 |    313 |     32 |   5387 |   8 |  885.8 |
        Temple |     50 |     42 |      8 |      0 |     40 |   1 |   50.0 |
         Sewer |    814 |    814 |      0 |    231 |    419 |   1 |  814.0 |
               +--------+--------+--------+--------+--------+-----+--------+

Top non-repeatable levels by time:
     D:3: 1410 daAuts
     D:2: 1268 daAuts
     D:6: 1067 daAuts
     D:5: 1061 daAuts
   Sewer: 814 daAuts
     D:4: 788 daAuts
     D:1: 749 daAuts
     D:7: 629 daAuts
     D:8: 110 daAuts
  Temple: 50 daAuts
